 Dungeon Crawl Stone Soup version 0.23.0-3-gf3c87f2df8 (webtiles) character file.

Game seed: 15029525429604650184

45 Ivernyr the Changer (level 3, -1/17 HPs)
             Began as a Vine Stalker Transmuter on Feb 21, 2019.
             Slain by Crazy Yiuf
             ... wielding a +2 quarterstaff of chaos
              (4 damage)
             ... on level 2 of the Dungeon.
             The game lasted 00:04:48 (2096 turns).

Ivernyr the Changer (Vine Stalker Transmuter)       Turns: 2096, Time: 00:04:49

Health: -1/17      AC:  2    Str: 12    XL:     3   Next: 64%
Magic:  0/7        EV: 19    Int: 14    God:
Gold:   133        SH:  0    Dex: 19    Spells: 0/6 levels left

rFire    . . .     SeeInvis .     - Unarmed
rCold    . . .     Gourm    .   (shield currently unavailable)
rNeg     . . .     Faith    .   (armour currently unavailable)
rPois    x         Spirit   +   (helmet currently unavailable)
rElec    .         Reflect  .   (cloak currently unavailable)
rCorr    .         Harm     .   (gloves currently unavailable)
MR       .....     Rnd*Tele +   (boots currently unavailable)
Stlth    ++........             (no amulet)
HPRegen  0.05/turn              q - ring of teleportation (curse)
MPRegen  0.10/turn              (no ring)

@: spider-form
A: tiny, magic shield, no potion heal 3, rot immunity
a: End Transformation


You were on level 2 of the Dungeon.
You were hungry.
You were a venomous arachnid creature.
You visited 1 branch of the dungeon, and saw 3 of its levels.

You collected 133 gold pieces.

Inventory:

Missiles
 a - 12 arrows
Armour
 b - a +0 robe (melded)
Jewellery
 q - a cursed ring of teleportation (left front leg)
Scrolls
 c - 2 scrolls of fear {unknown}
 e - 6 scrolls of teleportation {unknown}
 f - a scroll of amnesia {unknown}
 i - a scroll of enchant weapon {unknown}
 k - a scroll of enchant armour {unknown}
 l - a scroll of blinking {unknown}
 m - a scroll of fog {unknown}
 n - a scroll of noise {unknown}
 o - 2 scrolls of magic mapping {unknown}
 p - 2 scrolls of remove curse {unknown}
 u - 2 scrolls of identify {unknown}
Potions
 g - 2 potions of curing {unknown}
 h - a potion of agility {unknown}
 j - 4 potions of flight {unknown}
 r - a potion of haste {unknown}
 s - a potion of mutation {unknown}
 t - a potion of ambrosia {unknown}
Comestibles
 d - 4 rations


   Skills:
 - Level 0.8 Fighting
 - Level 1.5 Dodging
 - Level 3.0 Unarmed Combat
 - Level 2.1 Spellcasting
 + Level 3.9 Transmutations


You couldn't memorise any spells.
You knew the following spells:

 Your Spells              Type           Power        Failure   Level  Hunger
a - Beastly Appendage     Tmut           ##....       14%         1    #......
b - Sticks to Snakes      Tmut           ##......     19%         2    ###....
c - Spider Form           Tmut/Pois      #.........   52%         3    ###....

Your spell library contained the following spells:

 Spells                   Type           Power        Failure   Level  Hunger
 Ice Form                 Ice/Tmut       #.......     87%         4    #####..
 Blade Hands              Tmut           ##........   91%         5    ######.


Dungeon Overview and Level Annotations

Branches:
Dungeon (3/15)

Altars:
Kikubaaqudgha
Ru

Annotations:
D:2 Crazy Yiuf


Innate Abilities, Weirdness & Mutations

((You have extremely sharp teeth.))
When hurt, damage is shared between your health and your magic reserves.
((Your bite disrupts and absorbs the magic of your enemies.))
Potions cannot restore your health.
You are immune to rotting.


Message History

Crazy Yiuf yells, "Action bush bag!"
You finish memorising.
Spell assigned to 'c'.
You open the door.
Cast which spell? (? or * to list)
You turn into a venomous arachnid creature.
Your +0 robe melds into your body.
Crazy Yiuf screams, "Sif Muna head forty-two!"
Crazy Yiuf completely misses you.
You hit Crazy Yiuf but do no damage.
Crazy Yiuf hits you with a +2 quarterstaff of chaos!
You hit Crazy Yiuf but do no damage.
Crazy Yiuf is poisoned.
You hit Crazy Yiuf but do no damage.
Crazy Yiuf looks as sick as possible!
Crazy Yiuf is lightly wounded.
Crazy Yiuf closely misses you.
You hit Crazy Yiuf.
Crazy Yiuf is moderately wounded.
Crazy Yiuf hits you with a +2 quarterstaff of chaos!
* * * LOW HITPOINT WARNING * * *
Crazy Yiuf freezes you.
You die...

..........#.##...###.#.# #.....
.....####.####....####.#####....#
.###.# #.# #....# #............
.# #.# #.# ♣.P..♣ #......#....#
.###.# #.# ♣♣P..♣ ##.....#....#
..##.####.# ♣♣.♣♣ #..#..#....#
..........# ♣♣.♣ ##..#..#....#
...#.####.# ♣.♣♣ #...........#
..........# ♣♣s♣ ##..#..#....#
...#)####.# ♣g♣♣ #..#..#....#
...#.# #.# #'# ##..#..#.....
...#.####.# ... #...........#
..........# #...# #........#.##
..........# #)..# #..........#
#.##.###### ##### ###.#..#.#.#
#.##.# #.#..#.#### #.####
#.##.#.....


You could see Crazy Yiuf.

Vanquished Creatures
  An adder (D:2)
  An ooze (D:2)
  A dart slug (D:1)
  A leopard gecko (D:2)
  2 giant cockroaches (D:2)
  3 goblins (D:2)
  8 hobgoblins
  2 bats (D:2)
  3 frilled lizards
  3 kobolds
  6 rats
31 creatures vanquished.

Notes
Turn   | Place    | Note
-------+----------+-------------------------------------------
     0 | D:1      | Ivernyr the Vine Stalker Transmuter began the quest for the
                  | Orb.
     0 | D:1      | Reached XP level 1. HP: 9/9 MP: 4/4
   475 | D:1      | Reached XP level 2. HP: 9/14 MP: 6/6
   479 | D:1      | Learned a level 2 spell: Sticks to Snakes
  1068 | D:2      | Reached XP level 3. HP: 14/17 MP: 7/7
  1069 | D:2      | You fall through a shaft!
  1125 | D:2      | Found a sacrificial altar of Ru.
  1838 | D:2      | Found an ancient bone altar of Kikubaaqudgha.
  1879 | D:2      | Found a runed translucent door.
  1880 | D:2      | Noticed Crazy Yiuf
  2090 | D:2      | Learned a level 3 spell: Spider Form
  2096 | D:2      | Slain by Crazy Yiuf

Skill      XL: |  1  2 |
---------------+-------+-----
Transmutations | 3 |  3.9
Fighting       | |  0.8
Dodging        | |  1.5
Unarmed Combat | |  3.0
Spellcasting   | |  2.1

Action                   || total
-------------------------++-------
Melee: Unarmed           ||    93
       Bite              ||    17
       Punch             ||     1
 Cast: Spider Form       ||     1
 Stab: Sleeping          ||     2
  Eat: Chunk             ||     3
Armor: Robe              ||     9
Dodge: Dodged            ||    62
